 Dungeon Sprint DCSS version 0.21-a0-110-g8e1637b (webtiles) character file.

6097 minicreteconcrete the Thrower (level 10, -1/139 HPs)
             Began as a Centaur Hunter on July 9, 2017.
             Was an Elder of Trog.
             Slain by a catoblepas (10 damage)
             ... in the Dungeon (Sprint IX: "|||||||||||||||||||||||||||||").
             The game lasted 00:09:30 (1152 turns).

minicreteconcrete the Thrower (Centaur Hunter)      Turns: 1152, Time: 00:09:31

Health: -1/139     AC: 18    Str: 20    XL:     10   Next: 58%
Magic:  10/10      EV:  1    Int: 10    God:    Trog [****..]
Gold:   0          SH:  0    Dex: 13    Spells: 9/9 levels left

rFire    . . .     SeeInvis .   a - +4 quarterstaff (speed)
rCold    . . .     Gourm    .   (shield currently unavailable)
rNeg     + + +     Faith    .   t - +1 chain mail
rPois    ∞         Spirit   .   (no helmet)
rElec    .         Reflect  .   (no cloak)
rCorr    .         Harm     .   (no gloves)
MR       .....     NoTele   +   s - +0 centaur barding
Stlth    ..........             (no amulet)
HPRegen  0.73/turn              u - +2 ring of evasion
MPRegen  0.12/turn              v - +2 ring of protection

@: berserking, petrified, very slightly contaminated, hasted, very quick
A: hooves 3, camouflage 1, deformed body, deterioration 1, speed 2, regeneration
1, tough skin 3
a: Berserk, Trog's Hand, Brothers in Arms, Burn Spellbooks, Renounce Religion


You were in the Dungeon.
You worshipped Trog.
Trog was greatly pleased with you.
You were not hungry.

You visited 1 branch

Inventory:

Hand Weapons
 a - a +4 quarterstaff of speed (weapon)
 r - a +0 short sword
Missiles
 c - 4 javelins (quivered)
 d - 2 throwing nets
 D - 8 needles of confusion
 E - 4 needles of sleeping
Armour
 b - a +0 leather armour
 m - a +0 chain mail
 s - a +0 centaur barding (worn)
 t - a +1 chain mail (worn)
Magical Staves
 q - an uncursed staff of energy
Jewellery
 u - a +2 ring of evasion (left hand)
 v - a +2 ring of protection (right hand)
Wands
 p - a wand of iceblast (6/15)
 z - a wand of confusion (30/48)
Scrolls
 k - a scroll of blinking
 o - 4 scrolls of remove curse
 A - a scroll of recharging
 B - 2 scrolls of identify
 C - a scroll of fear
Potions
 e - 5 potions of curing
 g - 6 potions of heal wounds
 i - 4 potions of magic
 j - a potion of berserk rage
 n - a potion of might
 w - a potion of resistance
Miscellaneous
 y - a fan of gales
Comestibles
 x - a royal jelly


   Skills:
 + Level 10.0 Fighting
 + Level 7.4 Short Blades
 + Level 11.0 Staves
 + Level 14.5 Throwing
 + Level 8.3 Armour
 + Level 5.3 Dodging
 + Level 3.1 Stealth
 + Level 1.0 Evocations


You had 9 spell levels left.
You didn't know any spells.

Dungeon Overview and Level Annotations

Branches:
Dungeon (1/1)

Altars:
Cheibriados
Dithmenos
Elyvilon
Fedhas
Gozag
Hepliaklqana
Kikubaaqudgha
Makhleb
Nemelex Xobeh
Okawaru
Qazlal
Ru
Sif Muna
Trog
Uskayaw
Vehumet
Wu Jian
Xom
Yredelemnul
Zin
The Shining One
Beogh
Jiyva
Lugonu


Innate Abilities, Weirdness & Mutations

You have hooves in place of feet.
Armour fits poorly on your strangely shaped body.
You cover ground very quickly.
You have extremely tough skin. (AC +3)
Your skin changes colour to match your surroundings (Stealth+).
Your body sometimes deteriorates upon taking damage.
Your natural rate of healing is unusually fast.


Message History

* * * LOW HITPOINT WARNING * * *
Unknown command.
You are engulfed in calcifying dust.
Unknown command.
A red film seems to cover your vision as you go berserk!
You feel yourself moving faster!
You feel mighty!
You feel a lot more hungry. The catoblepas gores you!!
* * * LOW HITPOINT WARNING * * *
Your limbs are stiffening.
Unknown command.
You sock the catoblepas!
The catoblepas is moderately wounded.
The catoblepas breathes a plume of calcifying dust at you.
The blast of calcifying dust hits you!
You have turned to stone.
You are engulfed in calcifying dust.
The catoblepas gores you!!
* * * LOW HITPOINT WARNING * * *
You are engulfed in calcifying dust.
The catoblepas gores you!
* * * LOW HITPOINT WARNING * * *
You are engulfed in calcifying dust.
The catoblepas gores you!!
You die...

▓▓▓▓▓▓▓▓▓▓▓▓▓▓▓▓▓▓▓▓▓▓▓▓▓▓▓▓▓▓▓▓▓
))..[..).?.'_____________________
▓▓▓▓▓▓▓▓▓▓▓▓▓▓▓▓▓▓▓▓▓▓▓▓▓▓▓▓▓▓▓▓▓
............§.§§@YY......§Y......
▓▓▓▓▓▓▓▓▓▓▓▓▓▓▓▓▓▓▓▓▓▓▓▓▓▓▓▓▓▓▓▓▓


YYYY†YYYYY§YYY..YY.YYY..Y.'Y ▓▓▓▓▓▓▓▓▓▓▓▓▓▓▓▓▓▓▓▓▓▓▓▓▓▓▓▓ You could see 2
catoblepae.

Vanquished Creatures
  A catoblepas (D)
  2 two-headed ogres (D)
  2 spiny frogs (D)
  A rime drake (D)
  3 blink frogs (D)
  A yak (D)
  A hippogriff (D)
  3 wyverns (D)
  A water moccasin (D)
  2 porcupines (D)
  An ice beast (D)
  2 sky beasts (D)
  A crocodile (D)
  A big kobold (D)
  5 bullfrogs (D)
  A wight (D)
  A hound (D)
  An orc wizard (D)
  A worker ant (D)
  2 orcs (D)
  A bat zombie (D)
  A giant cockroach (D)
  A goblin (D)
  A bat (D)
  2 kobolds (D)
39 creatures vanquished.

Vanquished Creatures (collateral kills)
  A hydra (D)
  A catoblepas (D)
  A spiny frog (D)
  A komodo dragon (D)
4 creatures vanquished.

Grand Total: 43 creatures vanquished

Notes
Turn   | Place    | Note
-------+----------+-------------------------------------------
     0 | D        | minicreteconcrete the Centaur Hunter began the quest for the Orb.
     0 | D        | Reached XP level 1. HP: 17/17 MP: 1/1
    18 | D        | Reached skill level 5 in Throwing
   167 | D        | Noticed a hound
   167 | D        | Noticed an orc wizard
   170 | D        | Reached skill level 1 in Short Blades
   173 | D        | Killed an orc wizard
   173 | D        | Reached skill level 6 in Throwing
   173 | D        | Reached XP level 2. HP: 23/25 MP: 2/2
   173 | D        | Reached XP level 3. HP: 27/30 MP: 3/3
   193 | D        | Reached skill level 7 in Throwing
   193 | D        | Reached skill level 1 in Armour
   215 | D        | Found a roughly hewn altar of Beogh.
   215 | D        | Found a snail-covered altar of Cheibriados.
   215 | D        | Found a shadowy altar of Dithmenos.
   215 | D        | Found a white marble altar of Elyvilon.
   215 | D        | Found a blossoming altar of Fedhas.
   215 | D        | Found an opulent altar of Gozag.
   216 | D        | Found a hazy altar of Hepliaklqana.
   217 | D        | Found a viscous altar of Jiyva.
   218 | D        | Found an ancient bone altar of Kikubaaqudgha.
   219 | D        | Found a corrupted altar of Lugonu.
   220 | D        | Found a burning altar of Makhleb.
   221 | D        | Found a sparkling altar of Nemelex Xobeh.
   222 | D        | Found an iron altar of Okawaru.
   223 | D        | Found a stormy altar of Qazlal.
   224 | D        | Found a sacrificial altar of Ru.
   225 | D        | Found a deep blue altar of Sif Muna.
   226 | D        | Found a bloodstained altar of Trog.
   227 | D        | Found a hide-covered altar of Uskayaw.
   228 | D        | Found a radiant altar of Vehumet.
   229 | D        | Found an ornate altar of the Wu Jian Council.
   230 | D        | Found a shimmering altar of Xom.
   231 | D        | Found a basalt altar of Yredelemnul.
   232 | D        | Found a glowing silver altar of Zin.
   233 | D        | Found a glowing golden altar of the Shining One.
   234 | D        | Became a worshipper of Trog the Wrathful
   436 | D        | Noticed a bullfrog
   436 | D        | Noticed an ice beast
   436 | D        | Noticed a two-headed ogre
   436 | D        | Noticed a sky beast
   436 | D        | Noticed a bullfrog
   442 | D        | Killed a bullfrog
   442 | D        | Reached skill level 8 in Throwing
   442 | D        | Reached XP level 4. HP: 35/40 MP: 4/4
   453 | D        | Killed a sky beast
   453 | D        | Reached skill level 1 in Staves
   453 | D        | Reached skill level 9 in Throwing
   453 | D        | Reached XP level 5. HP: 34/47 MP: 5/5
   456 | D        | Killed a two-headed ogre
   456 | D        | Reached * piety under Trog
   456 | D        | Reached skill level 5 in Short Blades
   456 | D        | Reached skill level 12 in Throwing
   456 | D        | Reached skill level 1 in Stealth
   456 | D        | Reached XP level 6. HP: 42/58 MP: 6/6
   456 | D        | Reached XP level 7. HP: 46/64 MP: 7/7
   467 | D        | Reached ** piety under Trog
   467 | D        | Reached XP level 8. HP: 73/73 MP: 8/8
   544 | D        | Noticed a two-headed ogre
   549 | D        | Reached skill level 5 in Armour
   557 | D        | Reached skill level 13 in Throwing
   566 | D        | Reached *** piety under Trog
   569 | D        | Killed a two-headed ogre
   569 | D        | Reached skill level 5 in Staves
   569 | D        | Reached skill level 5 in Dodging
   569 | D        | Reached XP level 9. HP: 81/81 MP: 9/9
   579 | D        | Gained mutation: Your natural rate of healing is unusually fast. [mutagenic meat]
   580 | D        | Gained mutation: Your body sometimes deteriorates upon taking damage. [mutagenic meat]
   581 | D        | Gained mutation: Your skin changes colour to match your surroundings (Stealth+). [mutagenic meat]
   694 | D        | Noticed a four-headed hydra
   694 | D        | Noticed a spiny frog
   701 | D        | Noticed a spiny frog
   705 | D        | Reached **** piety under Trog
   714 | D        | Killed a spiny frog
   738 | D        | Killed a four-headed hydra
   742 | D        | Killed a spiny frog
   742 | D        | Reached skill level 14 in Throwing
   744 | D        | HP: 2/83 [porcupine's spines (13)]
   786 | D        | Noticed a komodo dragon
   786 | D        | Noticed a rime drake
   787 | D        | Noticed a spiny frog
   790 | D        | Reached XP level 10. HP: 50/91 MP: 10/10
   798 | D        | Received a gift from Trog
   810 | D        | Received a gift from Trog
   844 | D        | Killed a spiny frog
   844 | D        | Received a gift from Trog
   844 | D        | Reached skill level 10 in Staves
   908 | D        | Noticed a catoblepas
   908 | D        | Noticed a catoblepas
   908 | D        | Noticed a catoblepas
   908 | D        | Noticed a catoblepas
   908 | D        | Noticed a catoblepas
   912 | D        | Killed a catoblepas
   918 | D        | Noticed a catoblepas
  1080 | D        | Received a gift from Trog
  1089 | D        | Killed a catoblepas
  1089 | D        | Reached skill level 10 in Fighting
  1089 | D        | Reached skill level 1 in Evocations
  1152 | D        | Slain by a catoblepas

Vault maps used:
D:        linesprint

Skill      XL: |  1  2  3  4  5  6  7  8  9 10 |
---------------+-------------------------------+-----
Throwing       | 6 8 9 12 13 14 | 14.5
Short Blades   | 1 3 5 6 7 |  7.4
Dodging        | 2 3 4 5 |  5.3
Fighting       | 4 6 7 8 9 10 | 10.0
Armour         | 2 4 6 7 8 |  8.3
Staves         | 1 2 3 5 8 11 | 11.0
Stealth        | 1 2 3 |  3.1
Evocations     | 1 |  1.0

Action                   |  1- 3 |  4- 6 |  7- 9 | 10-12 || total
-------------------------+-------+-------+-------+-------++-------
Melee: Short sword       |    43 |       |       |       ||    43
       Kick              |    11 |       |    18 |     7 ||    36
       Quarterstaff      |     5 |     7 |    66 |    43 ||   121
Throw: Javelin           |     6 |     6 |     5 |     2 ||    19
       Throwing net      |       |     1 |       |       ||     1
Invok: Berserk           |       |       |     2 |     2 ||     4
       Trog's Hand       |       |       |     3 |     4 ||     7
       Brothers in Arms  |       |       |     2 |     2 ||     4
Evoke: Wand              |       |       |     1 |       ||     1
       Fan of gales      |       |       |       |     1 ||     1
  Use: Potion            |     1 |       |     1 |     2 ||     4
       Scroll            |       |       |       |     1 ||     1
 Stab: Held in net/web   |       |     1 |       |       ||     1
  Eat: Chunk             |       |       |     6 |     3 ||     9
       Bread ration      |       |       |       |     1 ||     1
Armor: Leather armour    |    20 |       |       |       ||    20
       Chain mail        |     6 |     6 |    36 |    33 ||    81
Dodge: Dodged            |    21 |       |     8 |     7 ||    36
